 Dungeon Crawl Stone Soup version 0.26-a0-651-gb41185065b (webtiles) character file.

Game seed: 17598113718223202013

1128 loralnil the Magician (level 8, -5/41 HPs)
             Began as a Deep Elf Summoner on Oct 20, 2020.
             Was a Believer of Sif Muna.
             Slain by a killer bee (7 damage)
             ... on level 6 of the Dungeon.
             The game lasted 00:16:43 (8531 turns).

loralnil the Magician (Deep Elf Summoner)           Turns: 8531, Time: 00:16:43

Health: -5/41      AC:  5    Str:  5    XL:     8   Next: 13%
Magic:  13/20      EV: 16    Int: 23    God:    Sif Muna [**....]
Gold:   305        SH:  5    Dex: 15    Spells: 7/20 levels left

rFire    + . .     SeeInvis .   t - staff of fire
rCold    . . .     Faith    .   (no shield)
rNeg     . . .     Spirit   .   a - +0 robe
rPois    .         Reflect  +   (no helmet)
rElec    .         Harm     .   (no cloak)
rCorr    .         Rampage  .   c - +2 pair of gloves
MR       .....                  (no boots)
Stlth    +++.......             r - amulet of reflection
HPRegen  0.13/turn              j - ring of flight
MPRegen  0.17/turn              (no ring)

@: lethally poisoned (-5 -> -34)
A: no striking features
a: Channel Magic, Renounce Religion, Evoke Flight


You were on level 6 of the Dungeon.
You worshipped Sif Muna.
Sif Muna was pleased with you.
You visited 1 branch of the dungeon, and saw 7 of its levels.

You collected 305 gold pieces.

Inventory:

Hand Weapons
 b - a +0 short sword of venom
Armour
 a - a +0 robe (worn)
 c - a +2 pair of gloves (worn)
Magical Staves
 t - an uncursed staff of fire (weapon)
Jewellery
 j - a ring of flight (left hand)
 r - an amulet of reflection (around neck)
Wands
 k - a wand of iceblast (9)
Scrolls
 e - 2 scrolls of magic mapping
 h - 3 scrolls of enchant armour
 i - 5 scrolls of teleportation
 o - a scroll of blinking
 p - 2 scrolls of remove curse
 u - a scroll of enchant weapon {unknown}
Potions
 d - a potion of haste {unknown}
 f - a potion of curing
 g - a potion of stabbing
 l - 2 potions of lignification
 m - a potion of resistance {unknown}
 n - 2 potions of brilliance
 q - 2 potions of might
 s - a potion of flight {unknown}


   Skills:
 + Level 6.2 Dodging
 + Level 6.6 Stealth
 + Level 6.9 Spellcasting
 + Level 6.8 Summonings


You had 7 spell levels left.
You knew the following spells:

 Your Spells              Type           Power        Failure   Level
a - Summon Small Mammal   Summ           ####         1%          1
b - Call Imp              Summ           #####...     1%          2
c - Call Canine Familiar  Summ           #####...     1%          3
d - Summon Guardian Gole  Hex/Summ       ###.....     5%          3
e - Summon Ice Beast      Ice/Summ       ###.....     19%         4

Your spell library contained the following spells:

 Spells                   Type           Power        Failure   Level
 Summon Lightning Spire   Summ/Air       ###.....     19%         4


Dungeon Overview and Level Annotations

Branches:
Dungeon (7/15)             Temple (0/1) D:4

Altars:
Cheibriados
Dithmenos
Elyvilon
Kikubaaqudgha
Makhleb
Nemelex Xobeh
Sif Muna
The Shining One

Annotations:
D:3 Pikel


Message History

Confirm with . or Enter, or press ? or * to list all spells.
A beastly little devil appears in a puff of flame.
* * * LOW HITPOINT WARNING * * *
You feel very sick. The killer bee misses you.
The killer bee barely misses you.
Your hound barely misses the killer bee.
The killer bee stings you but does no damage.
The killer bee misses you. The killer bee closely misses you.
Your hound misses the killer bee. You block the killer bee's attack.
Casting: Call Imp (safe; 1% risk of failure)
Confirm with . or Enter, or press ? or * to list all spells.
A metallic apparition takes form in the air.
* * * LOW HITPOINT WARNING * * *
You feel very sick.
The killer bee stings you but does no damage.
The killer bee misses you. The killer bee completely misses you.
Your hound misses the killer bee. The killer bee stings you.
* * * LOW HITPOINT WARNING * * *
The killer bee completely misses you. The killer bee stings you!
You die...

.###
#..###...............#......
.#
#..####.####...............#
.# #.).....#
#...############# ##
##.###### #...###.#....(#
#######.# ##...##..'≈≈≈≈(#
........# #.###....#.....###
######### #.# #.##########.(
##y###.############
#h@y....##.......##
##########y5#5##.##.#####.##
#.......##..#.##÷##.#####.##
#.####.................##.##
#.####.5##..#.##.##.##.##.#
#.##.5..##..#.##........#.#
#.##.##.##........#.......#
#.##5##.#####.###.####..###
#.......# ###.###.##....#


You could see 3 killer bees, a friendly hound (summoned), a friendly iron imp
(summoned) and a friendly crimson imp (summoned).

Vanquished Creatures
  A lemure (D:4)
  2 scorpions
  A hound (D:6)
  2 adders
  A dart slug (D:2)
  2 worms (D:2)
  2 leopard geckos (D:1)
  2 bats (D:1)
  A giant cockroach (D:2)
  6 goblins
  6 hobgoblins (D:2)
  4 jackals
  3 kobolds
  A quokka (D:3)
  A frilled lizard (D:1)
  A rat (D:1)
36 creatures vanquished.

Vanquished Creatures (collateral kills)
  The ghost of qborf the Conjurer, a novice OpCj of Vehumet (D:6)
  Sigmund (D:2)
  Eustachio (D:4)
  Menkaure (D:5)
  A sky beast (D:6)
  5 ogres
  A lemure (D:3)
  3 killer bees (D:6)
  6 hounds
  A jelly (D:5)
  Jessica (D:2)
  Terence (D:2)
  2 orc wizards (D:4)
  4 worker ants (D:4)
  A worker ant zombie (D:6)
  Robin (D:2)
  4 gnolls (D:6)
  A howler monkey skeleton (D:4)
  7 adders
  A shadow imp (D:6)
  An adder skeleton (D:4)
  2 worms
  2 dart slugs
  2 leopard geckos
  8 orcs
  5 bats
  2 giant cockroaches
  11 goblins
  7 hobgoblins
  5 jackals
  A quokka (D:6)
  2 frilled lizards
  6 kobolds
  3 rats
101 creatures vanquished.

Vanquished Creatures (others)
  4 plants (D:4)
4 creatures vanquished.

Grand Total: 141 creatures vanquished

Notes
Turn   | Place    | Note
-------+----------+-------------------------------------------
     0 | D:1      | loralnil the Deep Elf Summoner began the quest for the Orb.
     0 | D:1      | Reached XP level 1. HP: 10/10 MP: 6/6
   410 | D:1      | Reached XP level 2. HP: 10/15 MP: 2/8
   640 | D:1      | Found a glowing golden altar of the Shining One.
  1105 | D:2      | Reached XP level 3. HP: 18/19 MP: 6/10
  1116 | D:2      | Learned a level 2 spell: Call Imp
  1120 | D:2      | Learned a level 3 spell: Call Canine Familiar
  1124 | D:2      | Learned a level 3 spell: Summon Guardian Golem
  1137 | D:2      | Found a shimmering blue altar of Sif Muna.
  1138 | D:2      | Found a white marble altar of Elyvilon.
  1139 | D:2      | Found a burning altar of Makhleb.
  1146 | D:2      | Became a worshipper of Sif Muna the Loreminder
  1268 | D:2      | Noticed Sigmund
  1280 | D:2      | Killed Sigmund
  1280 | D:2      | Reached skill level 5 in Summonings
  1280 | D:2      | Reached XP level 4. HP: 24/24 MP: 4/12
  1373 | D:2      | Noticed Robin
  1387 | D:2      | Killed Robin
  1649 | D:2      | Found a shadowy altar of Dithmenos.
  1871 | D:2      | Noticed Jessica
  1885 | D:2      | Killed Jessica
  1885 | D:2      | Reached XP level 5. HP: 23/28 MP: 10/13
  1985 | D:2      | Noticed Terence
  1992 | D:2      | Killed Terence
  2155 | D:2      | Learned a level 4 spell: Summon Ice Beast
  2367 | D:3      | Reached * piety under Sif Muna
  2489 | D:3      | Found a snail-covered altar of Cheibriados.
  3494 | D:4      | Noticed a lemure
  3504 | D:4      | Noticed a phantom
  3535 | D:4      | Killed a lemure
  3906 | D:4      | Noticed Pikel
  3932 | D:4      | Noticed a lemure
  3935 | D:4      | Noticed a lemure
  3936 | D:4      | Noticed a lemure
  4225 | D:3      | Killed a lemure
  4766 | D:4      | Found a staircase to the Ecumenical Temple.
  4877 | D:4      | Noticed an ogre
  4882 | D:4      | Killed an ogre
  4882 | D:4      | Reached skill level 5 in Spellcasting
  4882 | D:4      | Reached XP level 6. HP: 32/32 MP: 5/15
  5168 | D:4      | Found a sparkling altar of Nemelex Xobeh.
  5251 | D:4      | Reached skill level 5 in Stealth
  5624 | D:4      | Noticed Eustachio
  5738 | D:4      | Killed Eustachio
  6140 | D:5      | Entered Level 5 of the Dungeon
  6196 | D:5      | Noticed Menkaure
  6206 | D:4      | Reached skill level 5 in Dodging
  6206 | D:4      | Reached XP level 7. HP: 34/36 MP: 10/17
  6546 | D:5      | Killed Menkaure
  7023 | D:5      | You fall into a shaft and drop 1 floor!
  7076 | D:6      | Found an ancient bone altar of Kikubaaqudgha.
  7378 | D:6      | Reached ** piety under Sif Muna
  8059 | D:6      | Found a runed translucent door.
  8061 | D:6      | Noticed qborf's ghost (novice OpCj)
  8076 | D:6      | Killed qborf's ghost
  8076 | D:6      | Reached XP level 8. HP: 41/41 MP: 4/20
  8531 | D:6      | HP: 2/41 [killer bee (3)]
  8531 | D:6      | Slain by a killer bee

Illustrated notes

Levels and vault maps discovered:
D:1:      scummos_arrival_star, layout_basic, tso_altar
D:2:      layout_loops_ring, gammafunk_temple_overflow_forgotten,
          nicolae_dithmenos_through_a_glass_darkly, uniq_terence, uniq_sigmund,
          uniq_jessica, uniq_robin
D:3:      layout_basic, nicolae_overflow_crystal_walls
D:4:      layout_rooms, old_standard_altar, minmay_temple_entry_tees,
          serial_bayou_lake_a, uniq_pikel, uniq_eustachio
D:5:      minmay_spotlight, layout_rooms, uniq_edmund, uniq_menkaure
D:6:      layout_loops_cross, overflow_temple_1_default,
          ebering_ghost_reflecting_pool
D:7:      layout_rooms

Skill      XL: |  1  2  3  4  5  6  7 |
---------------+----------------------+-----
Stealth        | 3 4 5 6 |  6.6
Dodging        | 3 4 5 6 |  6.2
Spellcasting   | 4 5 6 |  6.9
Summonings     | 5 6 |  6.8

Action                   |  1- 3 |  4- 6 |  7- 9 || total
-------------------------+-------+-------+-------++-------
Melee: Unarmed           |     4 |       |       ||     4
       Short sword       |    30 |    92 |    10 ||   132
       Staff             |       |       |    11 ||    11
 Cast: Summon Small Mamm |    32 |     1 |       ||    33
       Call Imp          |     3 |    74 |    52 ||   129
       Call Canine Famil |       |    28 |    18 ||    46
       Summon Guardian G |       |     1 |     3 ||     4
  Use: Scroll            |     6 |     6 |     4 ||    16
       Potion            |       |     3 |     1 ||     4
 Stab: Sleeping          |     1 |     5 |       ||     6
       Distracted        |       |       |     1 ||     1
Armor: Robe              |    11 |    25 |    16 ||    52
Dodge: Dodged            |    40 |   110 |    54 ||   204
Block: Other             |       |    21 |    18 ||    39

Table legend: (Time is in decaauts)
 A = Elapsed time spent in this place.
 B = Non-inter-level travel time spent in this place.
 C = Inter-level travel time spent in this place.
 D = Time resting spent in this place.
 E = Time spent auto-exploring this place.
 F = Levels seen in this place.
 G = Mean time per level.
                   A        B        C        D        E       F      G
               +--------+--------+--------+--------+--------+-----+--------+
         Total |   8591 |   8390 |    201 |   1960 |   4935 |   7 | 1227.3 |
       Dungeon |   8591 |   8390 |    201 |   1960 |   4935 |   7 | 1227.3 |
               +--------+--------+--------+--------+--------+-----+--------+

Top non-repeatable levels by time:
     D:4: 2251 daAuts
     D:3: 1992 daAuts
     D:6: 1480 daAuts
     D:2: 1259 daAuts
     D:1: 1085 daAuts
     D:5: 491 daAuts
     D:7: 30 daAuts
